 Dungeon Crawl Stone Soup version 0.26-a0-835-g8259106e14 (webtiles) character file.

Game seed: 9207106041468745768

281943 strifetoe the Slayer (level 20, -24/133 HPs)
             Began as a Gargoyle Monk on Nov 17, 2020.
             Was the Champion of Nemelex Xobeh.
             Killed from afar by a deep elf annihilator (78 damage)
             ... with a crystal spear
             ... on level 3 of the Elven Halls.
             The game lasted 01:16:39 (46436 turns).

strifetoe the Slayer (Gargoyle Monk)               Turns: 46436, Time: 01:16:40

Health: -24/133    AC: 54    Str: 23    XL:     20   Next: 52%
Magic:  27/27      EV: 10    Int: 16    God:    Nemelex Xobeh [******]
Gold:   155        SH: 24    Dex: 18    Spells: 19/19 levels left

rFire    + + .     SeeInvis .   S - +7 broad axe (protect)
rCold    . . .     Faith    .   a - +1 tower shield "Guack" {Rampage Str+2}
rNeg     + + .     Spirit   .   s - +1 storm dragon scales "Ciziole" {Rampage rElec rF+ Dex+2}
rPois    ∞         Reflect  +   J - +2 helmet of the Thinker {-Tele rPois rN+ Slay+2}
rElec    +         Harm     .   d - +2 cloak {MR+}
rCorr    .         Rampage  +   X - +2 pair of gloves {archery}
MR       ++++.     Clarity  +   R - +1 pair of boots {rampage} Stlth ..........NoTele +
                                I - amulet of reflection
HPRegen  0.32/turn              f - ring of protection from magic
MPRegen  0.20/turn              g - ring "Imiaqoocw" {rF+ MR+ Int+4 Dex+6 Stlth+}

@: mighty, protection aura, flying
A: big wings, hooves 1, clarity, clumsy 1, dopey 1, frail 1, negative energy
resistance 1, shaggy fur 1, electricity resistance, unbreathing, petrification
resistance, rot immunity, AC +15
}: 2/15 runes: barnacled, gossamer
a: Stop Flying, Draw Escape, Draw Destruction, Draw Summoning, Draw Stack,
Triple Draw, Deal Four, Stack Five, Renounce Religion


You were on level 3 of the Elven Halls.
You worshipped Nemelex Xobeh.
Nemelex Xobeh was exalted by your worship.
You visited 8 branches of the dungeon, and saw 36 of its levels.
You visited 1 bazaar.
You also visited: Ossuary, Bailey, Gauntlet and Ice Cave.

You collected 4366 gold pieces.
You spent 4211 gold pieces at shops.

Inventory:

Hand Weapons
 z - a +1 morningstar of holy wrath
 M - the +3 war axe of Xeotyet {drain, rPois SInv}
   (You found it on level 4 of the Dungeon)

   A truly terrible weapon, it drains the life of those it strikes.
   It protects you from poison.
   It lets you see invisible.
 S - a +7 broad axe of protection (weapon)
Missiles
 p - 190 poisoned darts (quivered)
Armour
 a - the +1 tower shield "Guack" (worn) {Rampage Str+2}
   (You bought it in a shop on level 1 of the Vaults)

   It affects your strength (+2).
   It bestows one free step when moving towards enemies.
 d - a +2 cloak of magic resistance (worn)
 s - the +1 storm dragon scales "Ciziole" (worn) {Rampage rElec rF+ Dex+2}
   (You took it off a gnoll sergeant on level 7 of the Dungeon)

   It affects your dexterity (+2).
   It protects you from fire.
   It insulates you from electricity.
   It bestows one free step when moving towards enemies.
 y - a +4 plate armour of fire resistance
 F - +0 ice dragon scales
 J - the +2 helmet of the Thinker (worn) {-Tele rPois rN+ Slay+2}
   (You bought it in a shop in a bazaar)

   It affects your accuracy and damage with ranged weapons and melee attacks
   (+2).
   It protects you from poison.
   It protects you from negative energy.
   It prevents most forms of teleportation.
 R - a +1 pair of boots of rampaging (worn)
 X - a +2 pair of gloves of archery (worn)
Jewellery
 f - a ring of protection from magic (left hand)
 g - the ring "Imiaqoocw" (right hand) {rF+ MR+ Int+4 Dex+6 Stlth+}
   (You found it in a Gauntlet)

   [ring of stealth]

   It affects your intelligence (+4).
   It affects your dexterity (+6).
   It protects you from fire.
   It affects your resistance to hostile enchantments.
   It makes you more stealthy.
 u - the ring of the Priest {+Fly rC+}
   (You found it on level 1 of the Shoals)

   [ring of flight]

   It protects you from cold.
   It lets you fly.
 A - an uncursed ring of protection from cold
 C - an uncursed ring of protection from fire
 I - an amulet of reflection (around neck)
 P - the ring "Gulere" {rElec rC+ rN+ MR-}
   (You took it off a merfolk on level 3 of the Shoals)

   [ring of protection from cold]

   It protects you from cold.
   It insulates you from electricity.
   It protects you from negative energy.
   It affects your resistance to hostile enchantments.
 Q - an uncursed ring of protection from cold
 W - an uncursed ring of see invisible
Wands
 o - a wand of polymorph (5)
 q - a wand of iceblast (19)
 N - a wand of flame (40)
 O - a wand of digging (16)
Scrolls
 b - 19 scrolls of identify
 e - 9 scrolls of fear
 l - 2 scrolls of enchant armour
 t - 15 scrolls of remove curse
 w - 13 scrolls of teleportation
 B - a scroll of magic mapping
 L - 8 scrolls of blinking
 U - a scroll of fog
Potions
 h - 19 potions of curing
 i - a potion of magic
 j - 5 potions of attraction
 k - 8 potions of heal wounds
 m - 8 potions of mutation
 n - 6 potions of resistance
 r - 4 potions of cancellation
 v - 4 potions of haste
 x - 8 potions of might
 K - 5 potions of berserk rage
 V - 3 potions of invisibility
Miscellaneous
 c - a condenser vane
 H - a phantom mirror


   Skills:
 - Level 23.0 Fighting
 - Level 18.8(18.9) Axes
 - Level 4.0(14.2) Maces & Flails
 + Level 14.9 Armour
 - Level 7.4 Dodging
 - Level 2.1 Stealth
 + Level 9.4 Shields
 - Level 10.3 Invocations
 - Level 0.2 Evocations


You had 19 spell levels left.
You didn't know any spells.
Your spell library contained the following spells:

 Spells                   Type           Power        Failure   Level
 Animate Skeleton         Necr           #.....       100%        1
 Apportation              Tloc           #.....       100%        1
 Corona                   Hex            #......      100%        1
 Foxfire                  Conj/Fire      #...         100%        1
 Magic Dart               Conj           #...         100%        1
 Pain                     Necr           #...         100%        1
 Shock                    Conj/Air       #...         100%        1
 Sting                    Tmut/Pois      #...         100%        1
 Summon Small Mammal      Summ           #...         100%        1
 Blink                    Tloc           N/A          100%        2
 Call Imp                 Summ           #.......     100%        2
 Corpse Rot               Necr/Air       N/A          100%        2
 Searing Ray              Conj           #.....       100%        2
 Swiftness                Air            #.......     100%        2
 Call Canine Familiar     Summ           #.......     100%        3
 Conjure Flame            Conj/Fire      #.......     100%        3
 Dazzling Flash           Conj/Hex       #.....       100%        3
 Gell's Gravitas          Tloc           #.........   100%        3
 Ignite Poison            Fire/Tmut/Pois #.......     100%        3
 Inner Flame              Hex/Fire       #.......     100%        3
 Lesser Beckoning         Tloc           #.........   100%        3
 Static Discharge         Conj/Air       #.......     100%        3
 Stone Arrow              Conj/Erth      #.....       100%        3
 Summon Guardian Golem    Hex/Summ       #.......     100%        3
 Teleport Other           Tloc           #.......     100%        3
 Tukima's Dance           Hex            #.......     100%        3
 Vampiric Draining        Necr           #.........   100%        3
 Airstrike                Air            #.........   100%        4
 Animate Dead             Necr           #.........   100%        4
 Dispel Undead            Necr           #.......     100%        4
 Fulminant Prism          Conj/Hex       #.........   100%        4
 Iskenderun's Mystic Bla  Conj/Tloc      #.......     100%        4
 Leda's Liquefaction      Hex/Erth       #.........   100%        4
 Passage of Golubria      Tloc           N/A          100%        4
 Petrify                  Tmut/Erth      #.......     100%        4
 Sticky Flame             Conj/Fire      #.......     100%        4
 Summon Ice Beast         Ice/Summ       #.......     100%        4
 Summon Lightning Spire   Summ/Air       #.......     100%        4
 Agony                    Necr           #.......     100%        5
 Alistair's Intoxication  Tmut/Pois      #........    100%        5
 Bolt of Magma            Conj/Fire/Erth #.........   100%        5
 Borgnjor's Vile Clutch   Necr/Erth      #.........   100%        5
 Excruciating Wounds      Necr           #.........   100%        5
 Fireball                 Conj/Fire      #.........   100%        5
 Irradiate                Conj/Tmut      #.........   100%        5
 Lightning Bolt           Conj/Air       #.........   100%        5
 Death Channel            Necr           #.........   100%        6
 Eringya's Noxious Bog    Tmut/Pois      #.........   100%        6
 Iron Shot                Conj/Erth      #.........   100%        6
 Simulacrum               Ice/Necr       #.........   100%        6
 Starburst                Conj/Fire      #.........   100%        6
 Dragon Form              Tmut           #.........   100%        7
 Ignition                 Fire           #.........   100%        8
 Shatter                  Erth           #.........   100%        9
 Sublimation of Blood     Necr           Unusable     N/A         2
 Statue Form              Tmut/Erth      Unusable     N/A         6

Dungeon Overview and Level Annotations

Branches:
Dungeon (15/15)            Temple (1/1) D:4            Lair (6/6) D:9
 Shoals (4/4) Lair:3       Spider (4/4) Lair:4        Slime (0/5) Lair:6
    Orc (2/2) D:10            Elf (3/3) Orc:2        Vaults (1/5) D:14
 Depths (0/5) D:15        Ossuary (visited)          Bailey (visited)
  IceCv (visited)         Gauntlet (visited)

Altars:
Ashenzari
Cheibriados
Elyvilon
Kikubaaqudgha
Makhleb
Nemelex Xobeh
Okawaru
Ru
Sif Muna
Trog
Vehumet
Wu Jian
Zin
The Shining One
Jiyva

Shops:
D:6 *   D:9 =   Orc:1 [   Orc:2 }(![   Elf:1 ?   Elf:2 (   Vaults:1 [

Annotations:
D:6 exclusion: downstairs
D:7 exclusion: downstairs
D:9 1 runed translucent door, Banquo's ghost, journeyman FoBr
D:10 exclusion: downstairs
Lair:6 1 runed translucent door, exclusion: oklob plant
Elf:2 3 runed translucent doors


Innate Abilities, Weirdness & Mutations

You are resistant to torment.
Your stone body is resilient. (AC +15)
You are immune to poison.
Your large and strong wings let you fly indefinitely.
You resist negative energy. (rN+)
You are resistant to electric shocks. (rElec)
You can survive without breathing.
You are immune to petrification.
You are immune to rotting.
You have large cloven feet.
You possess an exceptional clarity of mind.
You are clumsy. (Dex -2)
You are dopey. (Int -2)
You are frail. (-10% HP)
You are covered in fur. (AC +1)


Message History

You barely miss the deep elf sorcerer.
The deep elf sorcerer is lightly wounded.
The deep elf high priest is no longer giving off an aura.
You block the deep elf sorcerer's attack.
You slice the deep elf sorcerer!!
The deep elf sorcerer is severely wounded.
You block the deep elf sorcerer's attack.
The deep elf annihilator mumbles some strange words.
The deep elf annihilator blinks!
The deep elf high priest utters an invocation to its god.
The deep elf high priest begins emitting a brilliant aura!
You slice the deep elf sorcerer!!
You kill the deep elf sorcerer!
The deep elf annihilator casts a spell at you.
The iron shot hits you!!!
The deep elf annihilator points at you and mumbles some strange words.
The crystal spear hits you!!!!
Ouch! That really hurt!
You die...
Your body glows with a rainbow of weird colours and disappears.

.#*,***,,,,,*#.#*,,,,,,**,*
.#*,*,,,,,***#e#***,,,,,*,*
.#*,,,,,*** #.# ***,,,,,*
.#*,,,*** #e# ***,,,*
.#*,*** #e# ***,* ##*** #.#
*** # ### #.##############*
# #.# #e##............# #
#.# #e)@.e.[.[......#
######.# ####............#
.......# #...........(#
######## #............# #
##..).......#* #
##.)......#* # ##..[#).## #
#)#)((..## ##
#######)#...(..##


You could see 2 deep elf annihilators and a deep elf high priest (brilliance
aura).

Vanquished Creatures
  Jorgrun (Spider:2)
  A quicksilver dragon (Shoals:4)
  2 deep elf blademasters
  2 krakens
  The ghost of Wano the Alchemist, an adept DrTm of Wu Jian (Shoals:1)
  Kirke (Shoals:3)
  2 ghost moths (Spider:4)
  A deep elf sorcerer (Elf:3)
  2 frost giants
  3 emperor scorpions (Spider:4)
  A ghoul (Vaults:1)
  A stone giant (Shoals:1)
  3 entropy weavers
  2 very ugly things (IceCv)
  2 deep elf demonologists
  2 deep elf annihilators
  A minotaur (Gauntlet)
  A bunyip (Shoals:4)
  4 spark wasps (Spider:4)
  4 merfolk javelineers
  2 deep elf death magi
  2 fire dragons
  Snorg (Lair:4)
  An ettin (D:15)
  2 great orbs of eyes (Shoals:4)
  A yaktaur captain (Vaults:1)
  A deep elf high priest (Elf:3)
  4 merfolk impalers
  6 hydras
  4 boulder beetles
  Harold (D:8)
  A catoblepas (Lair:6)
  5 centaur warriors
  2 anacondas
  An ice dragon (Shoals:4)
  Erica (D:8)
  5 merfolk avatars
  6 merfolk aquamancers
  3 death knights
  3 two-headed ogres
  6 death yaks (Lair:6)
  An ogre mage (D:15)
  11 dancing weapons
  4 satyrs
  A deep troll shaman (Lair:6)
  A tengu warrior (D:15)
  A sun demon (D:13)
  4 orc high priests (Orc:2)
  A hell knight (D:15)
  5 deep elf knights
  Nergalle (Lair:1)
  A goliath frog (Shoals:4)
  A wretched star (Gauntlet)
  9 skeletal warriors
  13 sea snakes
  2 unseen horrors
  A wizard (Gauntlet)
  11 orc knights
  8 deep elf archers
  A phantasmal warrior (D:12)
  8 ugly things
  33 harpies
  An orc sorcerer (Orc:1)
  14 orb spiders
  38 wolf spiders
  44 deep elf magi
  10 cyclopes
  20 fauns
  3 moths of wrath
  10 manticores
  5 centaur zombies
  8 elephants
  6 water nymphs
  Psyche (D:11)
  5 ice statues (IceCv)
  9 merfolk sirens
  2 smoke demons
  2 gargoyles
  12 cane toads
  A torpor snail (Spider:4)
  2 black mambas
  13 rime drakes
  7 komodo dragons
  4 yaktaurs (Vaults:1)
  An efreet (D:4)
  7 freezing wraiths
  A kobold demonologist (D:14)
  An anaconda simulacrum (IceCv)
  An ice devil (Gauntlet)
  3 golden dragon simulacra (IceCv)
  10 demonic crawlers
  33 merfolk
  4 meliai
  7 trolls
  4 polar bears
  A queen bee (D:12)
  28 jumping spiders
  7 hornets
  2 tyrant leeches
  2 wind drakes
  10 snapping turtles
  5 blink frogs (Lair:1)
  11 slime creatures
  18 dream sheep
  A meliai zombie (D:12)
  A shadow (D:14)
  2 air elementals
  2 vampires
  59 redbacks
  21 tarantellas
  7 wraiths
  A dire elephant simulacrum (IceCv)
  A yak (shapeshifter) (D:14)
  24 yaks
  3 hogs
  2 basilisks
  22 water elementals
  A golden eye (shapeshifter) (D:14)
  4 wyverns
  A fire bat (D:14)
  7 steam dragons
  7 fire elementals
  11 vampire mosquitoes
  Eustachio (D:4)
  2 neqoxecs (Gauntlet)
  Menkaure (D:7)
  2 wargs (Orc:1)
  A harpy simulacrum (IceCv)
  3 swamp worms (D:15)
  A soldier ant (shapeshifter) (D:12)
  3 acid dragons
  A floating eye (Shoals:4)
  2 hydra simulacra (IceCv)
  A soldier ant (D:14)
  2 swamp drakes (D:14)
  21 water moccasins
  5 sky beasts
  An ettin simulacrum (IceCv)
  10 ice beasts
  44 orc warriors
  A sky beast (shapeshifter) (D:13)
  5 black bears
  3 hornet zombies
  3 phantoms
  A boggart (D:14)
  2 eyes of draining (Shoals:4)
  11 ogres
  A tengu (D:14)
  13 wolves
  19 centaurs
  Blork the orc (D:6)
  3 big kobolds
  A gnoll sergeant (D:7)
  20 bullfrogs
  An earth elemental (Elf:1)
  A wyvern skeleton (D:14)
  3 scorpions
  22 killer bees
  16 wights
  2 vampire bats (Orc:1)
  10 howler monkeys
  A bullfrog zombie (D:5)
  2 quasits (D:10)
  35 orc priests
  7 hounds
  2 jellies
  An iron imp (D:13)
  2 bullfrog skeletons
  2 centaur skeletons
  16 orc wizards
  A hell rat (D:13)
  2 iguanas
  10 worker ants
  A killer bee zombie (D:6)
  7 big kobold zombies (Ossuary)
  A hound skeleton (D:7)
  2 hound zombies
  A mummy (Ossuary)
  A worker ant zombie (D:9)
  10 adders
  A howler monkey skeleton (D:4)
  4 shadow imps
  9 white imps
  An ufetubus (D:6)
  An ooze (D:4)
  An adder skeleton (D:4)
  3 worms
  A dart slug (D:1)
  10 leopard geckos
  97 orcs
  2 spectral bats (Ossuary)
  2 bat zombies (D:8)
  4 giant cockroaches
  11 hobgoblins
  4 jackals (D:5)
  A quokka (D:3)
  3 ball pythons
  13 bats
  6 bat simulacra (Ossuary)
  7 frilled lizards
  5 gnoll zombies (Ossuary)
  8 goblins
  2 goblin simulacra (Ossuary)
  2 goblin zombies (Ossuary)
  6 hobgoblin zombies (Ossuary)
  18 kobolds
  2 kobold simulacra (Ossuary)
  8 kobold zombies (Ossuary)
  2 orc zombies (Ossuary)
  A quokka skeleton (D:8)
  9 rats
  3 rat simulacra (Ossuary)
  2 rat zombies (D:8)
  3 spectral goblins (Ossuary)
  4 spectral kobolds (Ossuary)
  3 spectral rats (Ossuary)
  4 bushes (D:14)
  6 tentacles
1376 creatures vanquished.

Vanquished Creatures (collateral kills)
  A kraken (Shoals:1)
  A fire dragon (D:9)
  Josephine (D:11)
  A merfolk aquamancer (Shoals:1)
  A death yak (Lair:6)
  An orc high priest (Orc:2)
  3 komodo dragons (Lair:6)
  A snapping turtle (Shoals:1)
  2 dream sheep (Lair:6)
  A water elemental (Shoals:1)
  A steam dragon (D:11)
  A warg (Orc:2)
  4 insubstantial wisps
  An acid dragon (D:7)
  2 sky beasts (D:11)
  A swamp drake (Lair:6)
  3 orc warriors (Orc:2)
  An ogre (D:7)
  A wight (D:11)
  5 killer bees (D:7)
  4 orc priests (Orc:2)
  3 orcs (Orc:2)
40 creatures vanquished.

Vanquished Creatures (others)
  A deep elf annihilator (Elf:3)
  2 boulder beetles (Spider:3)
  An orb spider (Spider:3)
  A torpor snail (D:15)
  A rime drake (Lair:4)
  A demonic crawler (Spider:2)
  2 redbacks
  A human (Shoals:3)
  A vampire mosquito (Lair:6)
  A hell hound (D:13)
  An iguana (D:5)
  6 bushes (D:14)
  30 fungi
  145 plants
  8 tentacles
202 creatures vanquished.

Grand Total: 1618 creatures vanquished

Notes
Turn   | Place    | Note
-------+----------+-------------------------------------------
     0 | D:1      | strifetoe the Gargoyle Monk began the quest for the Orb.
     0 | D:1      | Reached XP level 1. HP: 14/14 MP: 1/1
   204 | D:1      | Reached XP level 2. HP: 14/19 MP: 2/2
   714 | D:1      | Reached XP level 3. HP: 23/23 MP: 3/3
  1540 | D:2      | Found a radiant altar of Vehumet.
  1540 | D:2      | Found a sacrificial altar of Ru.
  1545 | D:2      | Found a faded altar of an unknown god.
  1547 | D:2      | Found a glowing golden altar of the Shining One.
  1548 | D:2      | Found a faded altar of an unknown god.
  1625 | D:2      | Reached XP level 4. HP: 26/28 MP: 4/4
  2190 | D:3      | Reached skill level 5 in Axes
  2190 | D:3      | Reached XP level 5. HP: 30/32 MP: 5/5
  2446 | D:3      | Found a burning altar of Makhleb.
  2679 | D:4      | Found a staircase to the Ecumenical Temple.
  2690 | Temple   | Entered the Ecumenical Temple
  2693 | Temple   | Became a worshipper of Nemelex Xobeh the Trickster
  2693 | Temple   | Reached * piety under Nemelex Xobeh
  2693 | Temple   | Received a gift from Nemelex Xobeh
  2693 | Temple   | Reached ** piety under Nemelex Xobeh
  2739 | D:4      | Noticed Eustachio
  2741 | D:4      | Killed Eustachio
  2742 | D:4      | Reached XP level 6. HP: 37/37 MP: 6/6
  2762 | D:4      | Found a sand-covered staircase.
  2799 | Ossuary  | Entered an ossuary
  3282 | Ossuary  | Reached XP level 7. HP: 39/41 MP: 7/7
  3341 | Ossuary  | Received a gift from Nemelex Xobeh
  3585 | D:4      | Found an ornate altar of the Wu Jian Council.
  3643 | D:4      | Noticed Grinder
  3671 | D:4      | Paralysed by Grinder for 4 turns
  3679 | D:4      | Noticed Grinder
  3679 | D:4      | Grinder changed into Grinder the chaos spawn
  3680 | D:4      | Noticed Grinder
  3680 | D:4      | Grinder the chaos spawn changed into Grinder the ynoxinul
  3681 | D:4      | Noticed Grinder
  3681 | D:4      | Grinder the ynoxinul changed into Grinder the efreet
  3689 | D:4      | HP: 2/41 [Grinder the efreet/bolt of fire (25)]
  3694 | D:4      | Killed Grinder the efreet
  4150 | D:4      | Found a glowing silver altar of Zin.
  4151 | D:4      | Found a shimmering blue altar of Sif Muna.
  4172 | D:4      | Noticed Ijyb
  4176 | D:4      | Paralysed by Ijyb for 6 turns
  4196 | D:4      | Noticed Ijyb
  4196 | D:4      | Ijyb changed into Ijyb the ball python
  4200 | D:4      | Killed Ijyb the ball python
  4221 | D:5      | Entered Level 5 of the Dungeon
  4310 | D:5      | Reached XP level 8. HP: 36/46 MP: 8/8
  4432 | D:5      | Found a bloodstained altar of Trog.
  4498 | D:5      | Received a gift from Nemelex Xobeh
  4729 | D:5      | Reached *** piety under Nemelex Xobeh
  4803 | D:5      | Reached skill level 4 in Fighting
  4834 | D:5      | Received a gift from Nemelex Xobeh
  5305 | D:6      | Found Koseb's General Store.
  5314 | D:6      | Reached skill level 5 in Fighting
  5314 | D:6      | Reached skill level 1 in Maces & Flails
  5315 | D:6      | Noticed Blork the orc
  5322 | D:6      | Killed Blork the orc
  5418 | D:6      | Bought a scroll of magic mapping for 49 gold pieces
  5418 | D:6      | Bought a scroll of identify for 28 gold pieces
  5418 | D:6      | Bought a scroll of identify for 28 gold pieces
  5782 | D:7      | Reached skill level 6 in Fighting
  5792 | D:7      | Reached XP level 9. HP: 30/56 MP: 9/9
  5975 | D:7      | Received a gift from Nemelex Xobeh
  5979 | D:7      | Found a broken altar of Ashenzari.
  6116 | D:7      | Reached skill level 7 in Fighting
  6425 | D:7      | Identified the Collected Works on Curses and Transformation
  6452 | D:7      | Found a snail-covered altar of Cheibriados.
  6452 | D:7      | Found a shimmering blue altar of Sif Muna.
  6461 | D:7      | Found an iron altar of Okawaru.
  6461 | D:7      | Found a sparkling altar of Nemelex Xobeh.
  6604 | D:7      | Identified the cursed +1 storm dragon scales "Ciziole"
                  | {Rampage rElec rF+ Dex+2}
  6649 | D:7      | Noticed Menkaure
  6656 | D:7      | Killed Menkaure
  6708 | D:7      | Found a burning altar of Makhleb.
  6714 | D:7      | Reached skill level 8 in Fighting
  7078 | D:7      | Reached **** piety under Nemelex Xobeh
  7134 | D:8      | Reached skill level 1 in Invocations
  7253 | D:8      | Noticed Erica
  7400 | D:8      | Reached skill level 1 in Armour
  7562 | D:8      | Received a gift from Nemelex Xobeh
  7680 | D:8      | Noticed Harold
  7695 | D:8      | Killed Harold
  7696 | D:8      | Reached skill level 10 in Axes
  7696 | D:8      | Reached XP level 10. HP: 64/64 MP: 11/13
  7721 | D:8      | Killed Erica
  7833 | D:8      | Found an ancient bone altar of Kikubaaqudgha.
  8122 | D:9      | Reached skill level 5 in Invocations
  8253 | D:9      | Noticed a seven-headed hydra
  8433 | D:9      | Reached skill level 5 in Armour
  9038 | D:10     | Entered Level 10 of the Dungeon
  9162 | D:10     | Reached skill level 1 in Shields
  9407 | D:10     | Received a gift from Nemelex Xobeh
  9457 | D:9      | Found a staircase to the Lair.
  9477 | D:9      | Found a runed translucent door.
  9477 | D:9      | Noticed Banquo's ghost (journeyman FoBr)
  9711 | D:9      | Found Motut's Jewellery Boutique.
  9774 | D:9      | Noticed a fire dragon
  9796 | D:9      | Killed a fire dragon
  9797 | D:9      | Reached XP level 11. HP: 53/68 MP: 15/15
 10147 | D:9      | Killed a seven-headed hydra
 10374 | D:4      | Got a buzzing war axe
 10375 | D:4      | Identified the cursed +3 war axe of Xeotyet {drain, rPois
                  | SInv} (You found it on level 4 of the Dungeon)
 11068 | D:10     | Found a staircase to the Orcish Mines.
 11133 | D:10     | Received a gift from Nemelex Xobeh
 11356 | D:10     | Reached ***** piety under Nemelex Xobeh
 11695 | D:11     | Received a gift from Nemelex Xobeh
 11757 | D:11     | Noticed Josephine
 11760 | D:11     | Noticed Psyche
 12165 | D:11     | Noticed a two-headed ogre
 12242 | D:11     | Reached skill level 9 in Fighting
 12311 | D:11     | Killed Josephine
 12446 | D:11     | Killed Psyche
 12501 | D:11     | Killed a two-headed ogre
 12762 | D:12     | Reached skill level 10 in Fighting
 12774 | D:12     | Found a flagged portal.
 12788 | Bailey   | Entered a bailey
 13004 | Bailey   | Reached XP level 12. HP: 66/77 MP: 17/17
 13575 | D:12     | Received a gift from Nemelex Xobeh
 14015 | D:11     | Reached skill level 11 in Fighting
 14015 | D:11     | Reached skill level 10 in Armour
 14015 | D:11     | Reached XP level 13. HP: 85/85 MP: 18/18
 14053 | D:11     | Identified the +4 executioner's axe of the Ship {flame,
                  | rPois Dex+4}
 14072 | D:11     | Reached skill level 12 in Fighting
 15140 | D:12     | Reached skill level 13 in Fighting
 15482 | Lair:1   | Entered Level 1 of the Lair of Beasts
 15496 | Lair:1   | Received a gift from Nemelex Xobeh
 15598 | Lair:1   | Received a gift from Nemelex Xobeh
 15800 | Lair:1   | Noticed Nergalle
 15814 | Lair:1   | Killed Nergalle
 16127 | Lair:1   | Received a gift from Nemelex Xobeh
 17068 | Lair:2   | Received a gift from Nemelex Xobeh
 17076 | Lair:2   | Gained mutation: Your large and strong wings let you fly
                  | indefinitely. [Gargoyle growth]
 17076 | Lair:2   | Reached XP level 14. HP: 92/94 MP: 19/19
 17094 | Lair:2   | Identified the -2 quarterstaff of Lem Laxu {elec, +Blink
                  | rN++ Str+2 Stlth-}
 18105 | Lair:3   | Received a gift from Nemelex Xobeh
 18284 | Lair:3   | Received a gift from Nemelex Xobeh
 18306 | Lair:3   | Found a staircase to the Shoals.
 18338 | Lair:3   | Reached ****** piety under Nemelex Xobeh
 18771 | Lair:4   | Found a hole to the Spider Nest.
 18891 | Lair:4   | Reached skill level 5 in Dodging
 19021 | Lair:4   | Received a gift from Nemelex Xobeh
 19265 | Lair:4   | Noticed Snorg
 19273 | Lair:4   | Killed Snorg
 19581 | Lair:4   | Received a gift from Nemelex Xobeh
 19849 | Lair:5   | Received a gift from Nemelex Xobeh
 20072 | Lair:5   | Received a gift from Nemelex Xobeh
 20308 | Lair:6   | Entered Level 6 of the Lair of Beasts
 20467 | Lair:6   | Received a gift from Nemelex Xobeh
 20571 | Lair:6   | Found a runed translucent door.
 20673 | Lair:6   | Found a viscous altar of Jiyva.
 20675 | Lair:6   | Found a staircase to the Slime Pits.
 20675 | Lair:6   | Noticed an acid blob
 20952 | Lair:6   | Received a gift from Nemelex Xobeh
 21065 | Lair:6   | Reached XP level 15. HP: 72/99 MP: 22/22
 21289 | Lair:6   | Received a gift from Nemelex Xobeh
 21370 | Lair:6   | Reached skill level 10 in Invocations
 22414 | Orc:1    | Entered Level 1 of the Orcish Mines
 22662 | Orc:1    | Found Plog's Armour Emporium.
 22670 | Orc:1    | Bought a +1 pair of boots of flying for 198 gold pieces
 22676 | Orc:1    | Received a gift from Nemelex Xobeh
 22883 | Orc:2    | Entered Level 2 of the Orcish Mines
 22911 | Orc:2    | Reached skill level 15 in Axes
 23311 | Orc:2    | Found a staircase to the Elven Halls.
 24214 | Orc:2    | Found Ihilyumo's Gadget Shop.
 24215 | Orc:2    | Found Neorefau's Distillery.
 24215 | Orc:2    | Found Kuss's Antique Weapon Boutique.
 24216 | Orc:2    | Found Doqair's Armour Shop.
 24470 | Orc:2    | Found a burning altar of Makhleb.
 24542 | Orc:2    | Bought a smouldering war axe for 255 gold pieces
 24542 | Orc:2    | Bought a glowing broad axe for 210 gold pieces
 24543 | Orc:2    | Identified the +4 war axe of the Twisting Oracle {vorpal,
                  | *Contam Dex+5} (You bought it in a shop on level 2 of the
                  | Orcish Mines)
 24651 | Orc:1    | Bought a +4 plate armour of fire resistance for 600 gold
                  | pieces
 25226 | D:13     | Noticed Azrael
 25234 | D:13     | Noticed Azrael
 25234 | D:13     | Azrael changed into Azrael the sun demon
 25241 | D:13     | Killed Azrael the sun demon
 25420 | D:13     | Received a gift from Nemelex Xobeh
 25796 | D:13     | Received a gift from Nemelex Xobeh
 25959 | D:14     | Found a gate to the Vaults.
 25959 | D:14     | Noticed Urug
 25959 | D:14     | Noticed Louise
 25960 | D:14     | Noticed Urug
 25960 | D:14     | Urug changed into Urug the meliai
 25960 | D:14     | Noticed Louise
 25960 | D:14     | Louise changed into Louise the entropy weaver
 25961 | D:14     | Killed Urug the meliai
 25962 | D:14     | Noticed Louise
 25962 | D:14     | Louise the entropy weaver changed into Louise the anaconda
 25964 | D:14     | Killed Louise the anaconda
 26628 | D:14     | Reached XP level 16. HP: 100/104 MP: 20/23
 27242 | D:14     | Received a gift from Nemelex Xobeh
 27388 | D:15     | Entered Level 15 of the Dungeon
 27414 | D:15     | Found a gate leading to a gauntlet.
 27419 | Gauntlet | Entered a Gauntlet
 27419 | Gauntlet | Found a transporter.
 27433 | Gauntlet | Found a transporter.
 27447 | Gauntlet | Found a transporter.
 27453 | Gauntlet | Found a transporter.
 27470 | Gauntlet | Found a transporter.
 27491 | Gauntlet | Found a transporter.
 27503 | Gauntlet | Found a transporter.
 27511 | Gauntlet | Found a large runed translucent door.
 27512 | Gauntlet | Found a large runed translucent door.
 27513 | Gauntlet | Found a large runed translucent door.
 27513 | Gauntlet | Found a large runed translucent door.
 27514 | Gauntlet | Found a runed translucent gate.
 27515 | Gauntlet | Found a transporter.
 27515 | Gauntlet | Found a runed translucent gate.
 27516 | Gauntlet | Found a runed translucent gate.
 27517 | Gauntlet | Found a large runed translucent door.
 27517 | Gauntlet | Found a large runed translucent door.
 27518 | Gauntlet | Found a large runed translucent door.
 27519 | Gauntlet | Found a large runed translucent door.
 27527 | Gauntlet | Found a transporter.
 27539 | Gauntlet | Found a transporter.
 27548 | Gauntlet | Found a transporter.
 27548 | Gauntlet | Found a transporter.
 27602 | Gauntlet | Found a transporter.
 27633 | Gauntlet | Found a transporter.
 27635 | Gauntlet | Found a transporter.
 27637 | Gauntlet | Found a transporter.
 27637 | Gauntlet | Found a large runed translucent door.
 27637 | Gauntlet | Found a large runed translucent door.
 27638 | Gauntlet | Found a large runed translucent door.
 27638 | Gauntlet | Found a large runed translucent door.
 27673 | Gauntlet | Found a transporter.
 27674 | Gauntlet | Found a transporter.
 27713 | Gauntlet | Found a large runed translucent door.
 27713 | Gauntlet | Found a large runed translucent door.
 27713 | Gauntlet | Found a runed translucent door.
 27713 | Gauntlet | Found a runed translucent door.
 27715 | Gauntlet | Found a large runed translucent door.
 27716 | Gauntlet | Found a large runed translucent door.
 27785 | Gauntlet | Gained mutation: Your spells are a little easier to cast,
                  | but a little less powerful. [a neqoxec]
 27796 | Gauntlet | Gained mutation: Your body sometimes deteriorates upon
                  | taking damage. [a neqoxec]
 27801 | Gauntlet | Gained mutation: You are dopey. (Int -2) [a neqoxec]
 27813 | Gauntlet | Got a faintly glowing copper ring
 27814 | Gauntlet | Identified the ring "Imiaqoocw" {rF+ MR+ Int+4 Dex+6
                  | Stlth+} (You found it in a Gauntlet)
 27818 | Gauntlet | Received a gift from Nemelex Xobeh
 28026 | D:15     | Found a broken altar of Ashenzari.
 28460 | D:15     | Found a staircase to the Depths.
 28495 | D:15     | Reached skill level 14 in Fighting
 28844 | D:15     | Received a gift from Nemelex Xobeh
 28962 | D:15     | Lost mutation: You are dopey. (Int -2) [potion of mutation]
 28962 | D:15     | Lost mutation: Your body sometimes deteriorates upon taking
                  | damage. [potion of mutation]
 28962 | D:15     | Lost mutation: Your spells are a little easier to cast, but
                  | a little less powerful. [potion of mutation]
 28962 | D:15     | Gained mutation: You have large cloven feet. [potion of
                  | mutation]
 28962 | D:15     | Gained mutation: You are frail. (-10% HP) [potion of
                  | mutation]
 28962 | D:15     | Gained mutation: You are covered in fur. (AC +1) [potion of
                  | mutation]
 28962 | D:15     | Gained mutation: You possess an exceptional clarity of
                  | mind. [potion of mutation]
 29172 | Spider:1 | Entered Level 1 of the Spider Nest
 29407 | Spider:1 | Received a gift from Nemelex Xobeh
 30017 | Spider:1 | Received a gift from Nemelex Xobeh
 30320 | Spider:1 | Identified a scroll of acquirement
 30320 | Spider:1 | Acquired a manual of Fighting
 30393 | Spider:2 | Noticed Jorgrun
 30399 | Spider:2 | Killed Jorgrun
 30400 | Spider:2 | Reached XP level 17. HP: 94/100 MP: 24/24
 30415 | Spider:2 | Reached skill level 15 in Fighting
 30609 | Spider:2 | Received a gift from Nemelex Xobeh
 31288 | Spider:3 | Reached skill level 16 in Fighting
 31623 | Spider:3 | Received a gift from Nemelex Xobeh
 32598 | Spider:4 | Entered Level 4 of the Spider Nest
 33118 | Spider:4 | Reached skill level 17 in Fighting
 33409 | Spider:4 | Received a gift from Nemelex Xobeh
 33829 | Spider:4 | Reached skill level 18 in Fighting
 34027 | Spider:4 | Reached XP level 18. HP: 94/113 MP: 4/25
 34164 | Spider:4 | Got a gossamer rune of Zot
 34894 | Shoals:1 | Entered Level 1 of the Shoals
 35212 | Lair:3   | Reached skill level 19 in Fighting
 35329 | Lair:3   | Upgraded the game from 0.26-a0-834-g69557b85cc to
                  | 0.26-a0-835-g8259106e14
 35873 | Shoals:1 | Found a transporter.
 35873 | Shoals:1 | Found a transporter.
 35874 | Shoals:1 | Noticed Wano's ghost (adept DrTm)
 35887 | Shoals:1 | Identified the +1 rapier "Aghyn" {elec, +Blink rPois rF+
                  | rC-}
 36158 | Shoals:1 | Reached skill level 20 in Fighting
 36620 | Shoals:1 | Received a gift from Nemelex Xobeh
 36683 | Shoals:1 | Killed Wano's ghost
 36694 | Shoals:1 | Got a clouded brass ring
 36707 | Shoals:1 | Identified the ring of the Priest {+Fly rC+} (You found it
                  | on level 1 of the Shoals)
 36897 | Shoals:2 | Found a frozen archway.
 36935 | IceCv    | Entered an ice cave
 37572 | Shoals:2 | Found the +7 great mace "Undeadhunter" {disrupt, rN+}
 37816 | Shoals:2 | Found a burning altar of Makhleb.
 37835 | Shoals:2 | Reached skill level 21 in Fighting
 38098 | Shoals:2 | Received a gift from Nemelex Xobeh
 38679 | Shoals:2 | Reached XP level 19. HP: 110/124 MP: 26/26
 39077 | Shoals:3 | Received a gift from Nemelex Xobeh
 39086 | Shoals:3 | Noticed Kirke
 39098 | Shoals:3 | Killed Kirke
 39198 | Shoals:3 | Reached skill level 22 in Fighting
 39680 | Shoals:3 | Identified the ring "Gulere" {rElec rC+ rN+ MR-}
 40002 | Shoals:4 | Entered Level 4 of the Shoals
 40047 | Shoals:4 | Received a gift from Nemelex Xobeh
 41305 | Shoals:4 | Reached skill level 23 in Fighting
 41563 | Shoals:4 | Got a barnacled rune of Zot
 42021 | Vaults:1 | Entered Level 1 of the Vaults
 42028 | Vaults:1 | Found Fiomul's Antique Armour Shop.
 42031 | Vaults:1 | Bought a spiked tower shield for 285 gold pieces
 42031 | Vaults:1 | Bought a runed helmet for 225 gold pieces
 42031 | Vaults:1 | Bought a pair of glowing gloves for 225 gold pieces
 42055 | D:14     | Identified the +1 tower shield "Guack" {Rampage Str+2} (You
                  | bought it in a shop on level 1 of the Vaults)
 42300 | Vaults:1 | Received a gift from Nemelex Xobeh
 42470 | Vaults:1 | Reached skill level 5 in Shields
 43027 | Elf:1    | Entered Level 1 of the Elven Halls
 43376 | Elf:1    | Reached XP level 20. HP: 133/133 MP: 27/27
 43396 | Elf:1    | Gained mutation: You are clumsy. (Dex -2) [a neqoxec]
 43397 | Elf:1    | Gained mutation: You are dopey. (Int -2) [a neqoxec]
 43405 | Elf:1    | Identified the Almanac of Attacks
 43558 | Elf:1    | Received a gift from Nemelex Xobeh
 44183 | Elf:1    | Received a gift from Nemelex Xobeh
 44340 | Elf:1    | Found Qadic's Magic Scroll Boutique.
 44349 | Elf:1    | Bought a scroll of blinking for 105 gold pieces
 44349 | Elf:1    | Bought a scroll of blinking for 105 gold pieces
 44349 | Elf:1    | Bought a scroll of blinking for 105 gold pieces
 44549 | Elf:2    | Found Egof's Antique Weapon Boutique.
 44964 | Elf:2    | Found a runed translucent gate.
 44972 | Elf:2    | Found a runed translucent gate.
 44972 | Elf:2    | Found a runed translucent gate.
 45038 | Elf:3    | Entered Level 3 of the Elven Halls
 45057 | Elf:3    | Found a flickering gateway to a bazaar.
 45072 | Bazaar   | Entered a bazaar
 45072 | Bazaar   | Found Buny's General Store.
 45080 | Bazaar   | Bought a scroll of magic mapping for 49 gold pieces
 45091 | Bazaar   | Found Istrea's Distillery.
 45096 | Bazaar   | Found Vuev's Armour Emporium.
 45107 | Bazaar   | Found Kieringow's Jewellery Shop.
 45112 | Bazaar   | Found Moficow's Magic Scroll Boutique.
 45120 | Bazaar   | Bought a scroll of acquirement for 624 gold pieces
 45120 | Bazaar   | Bought a scroll of enchant armour for 90 gold pieces
 45134 | Bazaar   | Bought the +2 helmet of the Thinker {-Tele rPois rN+
                  | Slay+2} for 490 gold pieces
 45141 | Bazaar   | Bought a potion of heal wounds for 50 gold pieces
 45141 | Bazaar   | Bought a potion of curing for 30 gold pieces
 45141 | Bazaar   | Bought a potion of curing for 30 gold pieces
 45141 | Bazaar   | Acquired 505 gold pieces
 45143 | Bazaar   | Bought a potion of haste for 100 gold pieces
 45143 | Bazaar   | Bought 2 potions of resistance for 200 gold pieces
 45143 | Bazaar   | Bought a potion of curing for 30 gold pieces
 45143 | Bazaar   | Bought 2 potions of berserk rage for 100 gold pieces
 45209 | Elf:3    | Received a gift from Nemelex Xobeh
 45614 | Elf:3    | Received a gift from Nemelex Xobeh
 46436 | Elf:3    | Killed from afar by a deep elf annihilator

Illustrated notes

Levels and vault maps discovered:
D:1:      dpeg_arrival_oval, layout_basic, serial_bayou, serial_bayou_pond_c,
          serial_bayou_pond_b, serial_bayou_pond_e, serial_bayou_crossing
D:2:      layout_loops_cross, chequers_temple_overflow_minitemple
D:3:      layout_rooms, overflow_temple_1_default
D:4:      layout_cave_pools, nicolae_overflow_hidden_temple, minitemple,
          minmay_temple_entry_butterflies, enter_ossuary_2, bh_walls_and_bars,
          uniq_ijyb, uniq_eustachio, uniq_grinder
D:5:      layout_gridville, chequers_serial_rivers_room_b,
          minmay_misc_feat_encased, trog_butcher_becter
D:6:      layout_rooms, serial_shops, shop, minmay_liquid_box,
          hangedman_decor_clover_reticule, uniq_blork_the_orc
D:7:      minmay_the_grid_octo_2x2 [minmay_the_grid_octo_odd_swirl,
          minmay_the_grid_octo_empty, minmay_the_grid_octo_shrine,
          minmay_the_grid_octo_prize_square_snowflake], layout_basic,
          lemuel_doored_altar, david_defended_altar_orc, uniq_menkaure
D:8:      layout_loops_cross, lemuel_zombie_altar_kikubaaqudgha,
          minmay_misc_feat_doors, uniq_harold, uniq_erica
D:9:      layout_stronghold, minmay_lair_entry_lava,
          hellmonk_ghost_happy_afterlife, serial_shops, shop
D:10:     layout_layer_cave, david_orc_3
D:11:     layout_rooms, hangedman_misty_isle, uniq_psyche, uniq_josephine
D:12:     layout_small_grid, enter_bailey_4, special_room [special_room_bee],
          roderic_st_hans_cross
D:13:     layout_irregular_city, uniq_azrael
D:14:     layout_loops_ring, david_vaults_3, serial_park_gazebo
          [serial_park_minivault_5x5_2], uniq_louise
D:15:     hangedman_depths_entry_civil_slaughter, layout_loops_cross,
          evilmike_ruin_ashenzari, gauntlet_entry_generic, worms_lemuel
Temple:   nicolae_temple_hex_pool
Lair:1:   layout_cave_shapes, uniq_nergalle
Lair:2:   layout_layer_cave
Lair:3:   layout_gridlike, minmay_shoals_entry_beasts, beast_lair_carwin_4
Lair:4:   layout_big_grid, spider_nest_entry_webs, bobbens_dragon_lair_wall,
          infiniplex_staircase_pool_2, grunt_megastairs_4, uniq_snorg
Lair:5:   layout_regular_city
Lair:6:   grunt_lair_end_beastmaster, layout_cellular_growth, slime_altar_2,
          pond
Shoals:1: layout_shoals, ebering_ghost_davey_jones, st_shoals_ruin
Shoals:2: layout_shoals, portal_ice_cave_entry_frozen_things, ldierk_geyser,
          wheals_shoals_ruined_temple
Shoals:3: layout_shoals, uniq_kirke
Shoals:4: shoals_end_grunt_ice, layout_shoals
Spider:1: nicolae_spider_mines_3
Spider:2: layout_spider_delve, uniq_jorgrun
Spider:3: layout_chambers, hangedman_stitches_earthworm
Spider:4: guppyfry_spider_rune
Orc:1:    layout_diamond_mine, serial_shops, shop, roderic_batcave,
          hangedman_minor_magic
Orc:2:    st_orc_pillars, layout_diamond_mine, lemuel_statue_altar
Elf:1:    eino_elf_arrival_sip, layout_onion_city, serial_shops, shop_statue,
          minmay_elf_annihilation
Elf:2:    layout_geoelf_diagonals, serial_shops, shop
Elf:3:    elf_hall, layout_gridlike, serial_shops, bzr_entry_islet
Vaults:1: hangedman_vaults_stagger, v_misc_2, ontoclasm_vaults_loading_screen,
          ontoclasm_vaults_gallery, grunt_vaults_swirl,
          nicolae_vaults_ring_of_whatevers, ontoclasm_vaults_twist,
          vaults_room_hallway, ontoclasm_vaults_chip, layout_vaults_omnigrid,
          serial_shops, nicolae_shop_behind_doors

Skill      XL: |  1  2  3  4  5  6  7  8  9 10 11 12 13 14 15 16 17 18 19 20 |
---------------+-------------------------------------------------------------+-----
Axes           | 3 4 5 6 7 8 10 11 12 13 14 16 17 18 | 18.8
Fighting       | 6 8 10 11 13 14 18 21 23 | 23.0
Maces & Flails | 3 4 |  4.0
Invocations    | 4 6 7 9 10 | 10.3
Armour         | 3 6 7 10 12 13 14 | 14.9
Shields        | 3 4 6 9 |  9.4
Dodging        | 3 6 7 |  7.4
Stealth        | |  2.1
Evocations     | |  0.2

Action                   |  1- 3 |  4- 6 |  7- 9 | 10-12 | 13-15 | 16-18 | 19-21 || total
-------------------------+-------+-------+-------+-------+-------+-------+-------++-------
Melee: Hand axe          |   109 |   325 |   296 |       |       |       |       ||   730
       War axe           |       |       |   169 |   559 |  1200 |   305 |       ||  2233
       Mace              |       |       |     7 |       |       |       |       ||     7
       Morningstar       |       |       |       |     1 |    16 |       |       ||    17
       Broad axe         |       |       |       |       |       |  1195 |   936 ||  2131
Throw: Dart              |       |     1 |       |       |       |     2 |       ||     3
Invok: Draw Destruction  |       |     2 |    30 |    15 |    64 |    22 |     7 ||   140
       Draw Escape       |       |       |     4 |       |       |       |       ||     4
       Draw Summoning    |       |       |     1 |     7 |    11 |     6 |       ||    25
       Stack Five        |       |       |       |       |     2 |       |       ||     2
       Draw Stack        |       |       |       |       |     1 |     1 |       ||     2
       Triple Draw       |       |       |       |       |     1 |       |       ||     1
       Deal Four         |       |       |       |       |       |       |     1 ||     1
 Abil: Evoke Flight      |       |       |       |     6 |       |     1 |       ||     7
       Stop Flying       |       |       |       |       |     1 |     1 |       ||     2
       Fly               |       |       |       |       |       |     1 |       ||     1
Evoke: Wand              |       |       |       |     1 |     3 |       |     1 ||     5
       Phantom mirror    |       |       |       |     1 |       |       |       ||     1
  Use: Scroll            |       |     4 |    16 |    10 |     6 |    19 |     6 ||    61
       Potion            |       |       |     1 |     1 |     1 |     2 |     1 ||     6
 Stab: Sleeping          |     3 |       |       |       |       |       |       ||     3
       Petrified         |       |       |       |     7 |    14 |       |       ||    21
       Confused          |       |       |       |     2 |     2 |       |       ||     4
       Petrifying        |       |       |       |     1 |       |       |       ||     1
       Distracted        |       |       |       |       |     1 |       |       ||     1
       Held in net/web   |       |       |       |       |       |       |     3 ||     3
Armor: Robe              |    44 |       |       |       |       |       |       ||    44
       Chain mail        |     3 |   187 |    20 |       |       |       |       ||   210
       Plate armour      |       |       |   179 |       |       |       |       ||   179
       Scale mail        |       |       |    75 |   269 |    84 |       |       ||   428
       Storm dragon scal |       |       |       |       |   372 |   987 |   497 ||  1856
Dodge: Dodged            |    67 |   135 |   252 |   342 |   618 |   748 |   196 ||  2358
Block: Other             |       |       |    21 |    35 |       |       |       ||    56
       Reflection        |       |       |       |     7 |    19 |    43 |    64 ||   133
       Buckler           |       |       |       |   238 |   549 |   616 |       ||  1403
       Tower shield      |       |       |       |       |       |   445 |   861 ||  1306

Table legend: (Time is in decaauts)
 A = Elapsed time spent in this place.
 B = Non-inter-level travel time spent in this place.
 C = Inter-level travel time spent in this place.
 D = Time resting spent in this place.
 E = Time spent auto-exploring this place.
 F = Levels seen in this place.
 G = Mean time per level.
                   A        B        C        D        E       F      G
               +--------+--------+--------+--------+--------+-----+--------+
         Total |  45851 |  42088 |   3763 |   8563 |  24266 |  41 | 1118.3 |
       Dungeon |  18600 |  16412 |   2188 |   3427 |   9632 |  15 | 1240.0 |
        Temple |      9 |      9 |      0 |      0 |      0 |   1 |    9.0 |
          Lair |   7248 |   6393 |    855 |    934 |   4589 |   6 | 1208.0 |
        Shoals |   5773 |   5673 |    100 |   1197 |   3080 |   4 | 1443.2 |
   Spider Nest |   5226 |   4994 |    232 |   1033 |   2969 |   4 | 1306.5 |
  Orcish Mines |   2246 |   1967 |    279 |    566 |    844 |   2 | 1123.0 |
   Elven Halls |   3274 |   3212 |     62 |    513 |   2023 |   3 | 1091.3 |
        Vaults |    810 |    765 |     45 |    278 |    358 |   1 |  810.0 |
        Bazaar |     82 |     82 |      0 |      0 |     47 |   1 |   82.0 |
       Ossuary |    724 |    724 |      0 |      0 |    423 |   1 |  724.0 |
        Bailey |    697 |    697 |      0 |     84 |    266 |   1 |  697.0 |
      Ice Cave |    601 |    601 |      0 |    388 |     20 |   1 |  601.0 |
      Gauntlet |    556 |    556 |      0 |    143 |     14 |   1 |  556.0 |
               +--------+--------+--------+--------+--------+-----+--------+

Top non-repeatable levels by time:
    D:10: 2170 daAuts
  Lair:6: 1923 daAuts
     D:9: 1901 daAuts
Shoals:4: 1770 daAuts
Shoals:2: 1589 daAuts
Spider:3: 1583 daAuts
    D:12: 1573 daAuts
Spider:4: 1572 daAuts
Shoals:1: 1480 daAuts
    D:13: 1478 daAuts
     D:7: 1413 daAuts
   Elf:1: 1384 daAuts
  Lair:1: 1342 daAuts
  Lair:3: 1232 daAuts
    D:11: 1224 daAuts
